 Dungeon Crawl Stone Soup version 0.29.0 (webtiles) character file.

Game seed: 9488321945374785237

156 catcat the Digger (level 5, -1/31 HPs)
             Began as a Gargoyle Earth Elementalist on Sept 2, 2022.
             Constricted to death by Robin (5 damage)
             ... on level 3 of the Dungeon.
             The game lasted 00:06:39 (3256 turns).

catcat the Digger (Gargoyle Earth Elementalist)     Turns: 3256, Time: 00:06:40

Health: -1/31      AC:  8    Str: 12    XL:     5   Next: 37%
Magic:  0/8        EV:  8    Int: 23    God:
Gold:   135        SH:  0    Dex: 10    Spells: 2/8 levels left

rFire   . . .      SeeInvis .   h - +0 club
rCold   + . .      Faith    .   (no shield)
rNeg    + . .      Spirit   .   a - +0 robe
rPois   ∞          Reflect  .   (no helmet)
rElec   +          Harm     .   k - +0 cloak
rCorr   .          Rampage  .   (no gloves)
Will    .....                   e - +0 pair of boots
Stlth   ++........              (no amulet)
HPRegen 0.10/turn               m - ring of protection from cold
MPRegen 0.11/turn               n - +6 ring of intelligence

@: grasped by roots, constricted
A: sickness immunity, AC +4, negative energy resistance 1, electricity
resistance, torment resistance 1, petrification resistance
a: no special abilities


You were on level 3 of the Dungeon.
You visited 1 branch of the dungeon, and saw 3 of its levels.

You collected 135 gold pieces.

Inventory:

Hand Weapons
 c - a +0 club
 h - a +0 club (weapon)
Armour
 a - a +0 robe (worn)
 e - a +0 pair of boots (worn)
 k - a +0 cloak (worn)
Jewellery
 j - a ring of protection from cold
 m - a ring of protection from cold (left hand)
 n - a +6 ring of intelligence (right hand)
 o - a ring of resist corrosion
Wands
 t - a wand of quicksilver (5)
Scrolls
 d - 3 scrolls of teleportation
 f - 2 scrolls of fear
 g - a scroll of vulnerability {unknown}
 p - a scroll of immolation {unknown}
 r - a scroll of enchant armour {unknown}
Potions
 b - a potion of magic
 i - 2 potions of curing
 l - a potion of might {unknown}
 q - a potion of heal wounds
 s - a potion of mutation {unknown}
 u - 2 potions of degeneration {unknown}


   Skills:
 + Level 2.5 Fighting
 - Level 1.5 Dodging
 - Level 2.1 Stealth
 - Level 2.0 Spellcasting
 + Level 1.9 Conjurations
 - Level 0.7 Transmutations
 * Level 5.8 Earth Magic


You had 2 spell levels left.
You knew the following spells:

 Your Spells              Type           Power      Damage    Failure   Level
a - Sandblast             Erth           58%        2d13      1%          1
b - Magic Dart            Conj           44%        1d5       6%          1
c - Passwall              Tmut/Erth      14%        N/A       4%          2
d - Searing Ray           Conj           22%        2d5       9%          2

Your spell library contained the following spells:

 Spells                   Type           Power      Damage    Failure   Level
 Stone Arrow              Conj/Erth      40%        3d9       8%          3
 Petrify                  Tmut/Erth      17%        N/A       32%         4
 Fulminant Prism          Conj/Hex       3%         3d6       65%         4


Dungeon Overview and Level Annotations

Branches:
Dungeon (3/15)

Altars:
Kikubaaqudgha

Annotations:
D:3 Robin


Innate Abilities, Weirdness & Mutations

You are immune to sickness and miasma.
Your stone body is resilient. (AC +4)
You are immune to poison.
You resist negative energy. (rN+)
You are resistant to electric shocks. (rElec)
You are resistant to unholy torment.
You are immune to petrification.


Message History

Casting: Sandblast (safe; 1% risk of failure)
Confirm with . or Enter, or press ? or * to list all spells.
Aiming: Searing Ray (safe; 9% risk of failure)
Press: ? - help, Shift-Dir - straight line, f - Robin
Aim: Robin, wielding a +2 vorpal mace, wearing a +0 animal skin, wearing a +0 helmet and carrying a wand of roots (3) (82% to hit)
The searing ray misses Robin.
The searing ray misses the goblin. (Press . to maintain the ray.) Unknown command.
The searing ray hits Robin.
Robin is moderately wounded.
The searing ray hits the goblin.
You kill the goblin!
The searing ray hits the goblin!
You kill the goblin!
Unknown command.
The searing ray hits Robin.
Robin is severely wounded.
Robin hits you with a +2 vorpal mace.
The searing ray hits Robin.
Robin is almost dead.
You finish channelling your searing ray.
Robin zaps a wand.
The roots erupt in riotous growth!
The grasping roots grab you!
Robin is unaffected.
The grasping roots constrict you.
You hear an angry hiss.
Casting: Searing Ray (safe; 9% risk of failure)
Confirm with . or Enter, or press ? or * to list all spells.
You don't have enough magic to cast this spell.
Unknown command.
You closely miss Robin.
Robin is almost dead.
Robin closely misses you. The grasping roots constrict you.
* * * LOW HITPOINT WARNING * * *
Unknown command.
The roots grasp on you weakens, but your attempt to escape fails.
Robin says, "A pitiful Gargoyle like you will never find the ORB!"
Robin hits you with a +2 vorpal mace.
* * * LOW HITPOINT WARNING * * *
x2 The grasping roots constrict you.
You die...

#########.#....#####
#.........#.####
#.#########.# #.#
#+# #># ... ### #.#
.... #.. ##.## .....
#..
#####...####......
#..
#.......@g.)))....
+...
#.##.....###.)....
##.. #.#.#.# .....
#.. #.###.# .... #..
.. ..# ... #.. ##.
### '# ### #


You could see Robin.

Vanquished Creatures
  Crazy Yiuf (D:2)
  Jessica (D:3)
  An adder (D:2)
  3 worms
  2 dart slugs (D:1)
  3 ball pythons
  4 bats
  5 endoplasms
  9 giant cockroaches
  11 hobgoblins
  4 kobolds
  2 quokkas (D:1)
  4 frilled lizards
  14 goblins
  5 rats
69 creatures vanquished.

Vanquished Creatures (others)
  A giant cockroach (D:3)
1 creature vanquished.

Grand Total: 70 creatures vanquished

Notes
Turn   | Place    | Note
-------+----------+-------------------------------------------
     0 | D:1      | catcat the Gargoyle Earth Elementalist began the quest for
                  | the Orb.
     0 | D:1      | Reached XP level 1. HP: 10/10 MP: 3/3
   193 | D:1      | Reached skill level 4 in Earth Magic
   194 | D:1      | Reached XP level 2. HP: 16/16 MP: 1/5
   203 | D:1      | Reached skill level 1 in Fighting
   290 | D:1      | Learned a level 1 spell: Magic Dart
   307 | D:1      | Learned a level 2 spell: Passwall
   575 | D:1      | Reached XP level 3. HP: 12/20 MP: 0/6
   906 | D:1      | Found a faded altar of an unknown god.
   918 | D:1      | Learned a level 2 spell: Searing Ray
  1425 | D:2      | Found a runed translucent door.
  1426 | D:2      | Noticed Crazy Yiuf
  1484 | D:2      | Killed Crazy Yiuf
  1485 | D:2      | Reached skill level 1 in Conjurations
  1485 | D:2      | Reached skill level 5 in Earth Magic
  1485 | D:2      | Reached XP level 4. HP: 8/26 MP: 2/7
  2400 | D:3      | Found an ancient bone altar of Kikubaaqudgha.
  2483 | D:3      | Noticed Jessica
  2799 | D:3      | Killed Jessica
  2800 | D:3      | Reached XP level 5. HP: 19/31 MP: 4/8
  2982 | D:3      | Noticed Robin
  3256 | D:3      | Constricted to death by Robin

Illustrated notes

Levels and vault maps discovered:
D:1:      matt_arrival_refuge, layout_basic, serial_rivers,
          chequers_serial_rivers_large_a, chequers_serial_rivers_micro_a,
          chequers_serial_rivers_small_b, chequers_serial_rivers_micro_c,
          hellmonk_ecumenical_altar_run_dry, minmay_tall_x
D:2:      layout_loops_ring, chequers_serial_rivers_small_b,
          chequers_serial_rivers_small_b, grunt_ministairs_15,
          uniq_crazy_yiuf_cottage
D:3:      minmay_roachtagon, layout_loops_corners,
          mainiacjoe_overflow_tiny_flanked, gammafunk_temple_overflow_wave,
          uniq_jessica, uniq_robin

Skill      XL: |  1  2  3 |
---------------+----------+-----
Earth Magic    | 4 5 |  5.8
Fighting       | 1 2 |  2.5
Conjurations   | 1 |  1.9
Dodging        | |  1.5
Stealth        | |  2.1
Spellcasting   | |  2.0
Transmutations | |  0.7

Action                   |  1- 3 |  4- 6 || total
-------------------------+-------+-------++-------
Melee: Club              |     5 |     2 ||     7
 Cast: Sandblast         |    49 |    37 ||    86
       Magic Dart        |     2 |     1 ||     3
       Searing Ray       |       |     1 ||     1
  Use: Scroll            |     2 |     2 ||     4
Armor: Robe              |     9 |    10 ||    19
Dodge: Dodged            |    16 |     6 ||    22
